 Dungeon Crawl Stone Soup version 0.22.1-2-g9c5b331383 (webtiles) character file.

404 McIrco the Covered (level 6, 0/47 HPs)
             Began as a Demonspawn Fighter on Jan 6, 2019.
             Slain by an ogre
             ... wielding a +0 giant spiked club
              (14 damage)
             ... on level 4 of the Dungeon.
             The game lasted 00:05:10 (2149 turns).

McIrco the Covered (Demonspawn Fighter)             Turns: 2149, Time: 00:05:10

Health: 0/47       AC: 12    Str: 22    XL:     6   Next: 56%
Magic:  6/6        EV:  8    Int:  9    God:
Gold:   115        SH: 11    Dex: 14    Spells: 5/5 levels left

rFire    . . .     SeeInvis .   a - +1 long sword
rCold    . . .     Gourm    .   c - +1 shield
rNeg     . . .     Faith    .   b - +0 scale mail
rPois    .         Spirit   .   (no helmet)
rElec    .         Reflect  .   t - +0 cloak
rCorr    .         Harm     .   (no gloves)
MR       .....                  (no boots)
Stlth    ..........             (no amulet)
HPRegen  0.15/turn              (no ring)
MPRegen  0.10/turn              (no ring)

@: mighty
A: iridescent scales 2, powered by death 1, rot immunity
a: no special abilities


You were on level 4 of the Dungeon.
You were very hungry.

You visited 1 branch of the dungeon, and saw 4 of its levels.

You collected 115 gold pieces.

Inventory:

Hand Weapons
 a - a +1 long sword (weapon)
Armour
 b - a +0 scale mail (worn)
 c - a +1 shield (worn)
 t - a +0 cloak (worn)
Wands
 d - a wand of polymorph (12)
 u - a wand of flame (32)
Scrolls
 e - 5 scrolls of identify
 i - a scroll of remove curse
 k - a scroll of teleportation
 m - a scroll of random uselessness
Potions
 g - 2 potions of berserk rage {unknown}
 h - 3 potions of mutation
 l - a potion of curing {unknown}
 o - a potion of magic {unknown}
 p - a potion of invisibility {unknown}
 r - a potion of ambrosia {unknown}
Comestibles
 f - 9 rations


   Skills:
 + Level 3.6 Fighting
 + Level 3.5 Long Blades
 * Level 4.1 Armour
 * Level 2.0 Dodging
 + Level 0.3 Stealth
 * Level 4.0 Shields


You had 5 spell levels left.
You didn't know any spells.
Your spell library was empty.

Dungeon Overview and Level Annotations

Branches:
Dungeon (4/15)             Temple (0/1) D:4

Altars:
Hepliaklqana
Xom

Annotations:
D:3 2 transporters


Innate Abilities, Weirdness & Mutations

You are mostly covered in iridescent scales. (AC +4)
You regenerate a little health from kills.
You are immune to rotting.


Message History

Your +1 long sword unmelds from your body.
Your +0 cloak unmelds from your body.
Your +1 shield unmelds from your body.
Your +0 scale mail unmelds from your body.
Found a stone staircase leading up.
The ogre closely misses you.
You slash the ogre!
The ogre is moderately wounded.
You block the ogre's attack.
You barely miss the ogre.
The ogre is moderately wounded.
The ogre barely misses you.
You riposte.
You barely miss the ogre.
The ogre is moderately wounded.
You barely miss the ogre.
The ogre is moderately wounded.
The ogre hits you with a giant spiked club!
* * * LOW HITPOINT WARNING * * *
You slice the ogre!!
The ogre is almost dead.
The ogre hits you with a giant spiked club!
You die...

####...######
#[...........
#.###.#......
#.# #.# #####
#.# #.#
.######.###.#
............#
#.#####..#####
#...O@...#
#<#####.##
.... ##.###
..# ###


You could see an ogre.

Vanquished Creatures
  Sigmund (D:4)
  A phantom (D:4)
  A crimson imp (D:2)
  An orc priest (D:4)
  A centaur skeleton (D:3)
  An adder (D:3)
  An ooze (D:3)
  An adder skeleton (D:4)
  3 dart slugs
  2 leopard geckos (D:3)
  4 orcs
  9 bats
  3 giant cockroaches
  3 goblins
  3 hobgoblins
  4 jackals (D:1)
  6 kobolds
  A quokka (D:3)
  A frilled lizard (D:2)
  6 rats
53 creatures vanquished.

Notes
Turn   | Place    | Note
-------+----------+-------------------------------------------
     0 | D:1      | McIrco the Demonspawn Fighter began the quest for the Orb.
     0 | D:1      | Reached XP level 1. HP: 18/18 MP: 1/1
   125 | D:1      | Gained mutation: You regenerate a little health from kills.
                  | [demonic ancestry]
   125 | D:1      | Reached XP level 2. HP: 18/24 MP: 2/2
   614 | D:2      | Noticed a crimson imp
   627 | D:2      | Killed a crimson imp
   627 | D:2      | Gained mutation: You are immune to rotting. [demonic
                  | ancestry]
   627 | D:2      | Reached XP level 3. HP: 27/29 MP: 3/3
   934 | D:2      | Found a shimmering altar of Xom.
   935 | D:2      | Found a hazy altar of Hepliaklqana.
   935 | D:2      | Noticed a hell beast
   936 | D:2      | Noticed a spectral ugly thing
   936 | D:2      | Noticed a hell beast
   938 | D:2      | You fall through a shaft!
   979 | D:3      | Gained mutation: You are partially covered in iridescent
                  | scales. (AC +2) [demonic ancestry]
   979 | D:3      | Reached XP level 4. HP: 35/35 MP: 4/4
  1119 | D:3      | Found a transporter.
  1130 | D:3      | Found a faded altar of an unknown god.
  1469 | D:3      | Found a transporter.
  1478 | D:3      | Reached skill level 1 in Dodging
  2005 | D:4      | Noticed a phantom
  2015 | D:4      | Gained mutation: You are mostly covered in iridescent
                  | scales. (AC +4) [demonic ancestry]
  2015 | D:4      | Reached XP level 5. HP: 28/41 MP: 5/5
  2047 | D:4      | Killed a phantom
  2092 | D:4      | Found a staircase to the Ecumenical Temple.
  2099 | D:4      | Noticed Sigmund
  2120 | D:4      | Killed Sigmund
  2120 | D:4      | Reached XP level 6. HP: 21/47 MP: 6/6
  2149 | D:4      | Slain by an ogre

Skill      XL: |  1  2  3  4  5 |
---------------+----------------+-----
Shields        | 3 4 |  4.0
Armour         | 3 4 |  4.1
Long Blades    | 2 3 |  3.5
Dodging        | 1 2 |  2.0
Fighting       | |  3.6
Stealth        | |  0.3

Action                   |  1- 3 |  4- 6 || total
-------------------------+-------+-------++-------
Melee: Long sword        |    81 |   135 ||   216
       Unarmed           |       |     5 ||     5
  Use: Scroll            |       |     8 ||     8
       Potion            |       |     1 ||     1
  Eat: Chunk             |       |     3 ||     3
Armor: Scale mail        |    44 |    75 ||   119
Dodge: Dodged            |    20 |    31 ||    51
Block: Shield            |    48 |    80 ||   128
       Rpst.: Long sword |     4 |     9 ||    13
